 Dungeon Crawl Stone Soup version 0.30-a0-169-g06f667207d (webtiles) character file.

Game seed: 1956852742766654118

193 qw the Chopper (level 5, -1/33 HPs)
             Began as a Gargoyle Fighter on Sept 30, 2022.
             Slain by Sigmund
             ... wielding a +0 scythe
              (4 damage)
             ... on level 4 of the Dungeon.
             The game lasted 00:01:19 (3379 turns).

qw the Chopper (Gargoyle Fighter)                   Turns: 3379, Time: 00:01:19

Health: -1/33      AC: 17    Str: 22    XL:     5   Next: 72%
Magic:  5/5        EV:  9    Int:  8    God:
Gold:   159        SH:  4    Dex:  9    Spells: 4/4 levels left

rFire   + . .      SeeInvis .    Y - +0 war axe
rCold   . . .      Faith    .    c - +0 buckler
rNeg    + . .      Spirit   .    b - +0 scale mail
rPois   inf        Reflect  .    (no helmet)
rElec   +          Harm     .    e - +0 cloak
rCorr   .          Rampage  .    k - +0 pair of gloves
Will    .....                    (no boots)
Stlth   ..........               n - amulet of the acrobat
HPRegen 0.11/turn                a - ring of protection from fire
MPRegen 0.09/turn                l - +4 ring of protection

@: no status effects
A: sickness immunity, AC +4, negative energy resistance 1, electricity
resistance, torment resistance 1, petrification resistance
a: no special abilities


You were on level 4 of the Dungeon.
You visited 1 branch of the dungeon, and saw 4 of its levels.

You collected 159 gold pieces.


Innate Abilities, Weirdness & Mutations

You are immune to sickness and miasma.
Your stone body is resilient. (AC +4)
You are immune to poison.
You resist negative energy. (rN+)
You are resistant to electric shocks. (rElec)
You are resistant to unholy torment.
You are immune to petrification.


   Skills:
 + Level 3.8 Fighting
 - Level 5.0 Axes
 - Level 3.2 Armour
 - Level 3.2 Shields


You had 4 spell levels left.
You didn't know any spells.
Your spell library was empty.

Inventory:

Hand Weapons
 g - a +0 flail
 Y - a +0 war axe (weapon)
Missiles
 h - 9 boomerangs (quivered)
Armour
 b - a +0 scale mail (worn)
 c - a +0 buckler (worn)
 e - a +0 cloak (worn)
 k - a +0 pair of gloves (worn)
Jewellery
 a - a ring of protection from fire (left hand)
 l - a +4 ring of protection (right hand)
 n - an amulet of the acrobat (around neck)
Scrolls
 j - a scroll of identify
Potions
 d - a potion of might
 f - a potion of degeneration {unknown}
 i - a potion of haste
 m - a potion of curing

Dungeon Overview and Level Annotations

Branches:
Dungeon (4/15)
 Temple: D:4-7

Altars:
Cheibriados
Ru

Annotations:
D:4 Sigmund


Message History

Sigmund is moderately wounded.
Sigmund gestures wildly while chanting.
Sigmund flickers and vanishes!
Deactivating autopickup; reactivate with Ctrl-A.
You hear some strange, mumbled words.
A magic dart appears from out of thin air!
The magic dart hits you!
You hit something but do no damage. Something hits you but does no damage.
You barely miss something. Something hits you but does no damage.
You barely miss something. You barely miss something.
Something hits you but does no damage.
You barely miss something. Something hits you but does no damage.
You closely miss something. Something hits you but does no damage.
You barely miss something. You block something's attack.
You miss something. Something hits you but does no damage.
You miss something. Something hits you.
You barely miss something. You miss something. Something hits you.
You closely miss something. Something hits you but does no damage.
You barely miss something. Something hits you.
You barely miss something. Something hits you but does no damage.
You barely miss something. Something hits you!
You slash something! Something hits you.
You closely miss something. Something hits you.
You die...

.........# #....#
........#####.#..#
.######.......#..#
#..###..#..# #
#.......#..# #.
#...##.##...
#..######...##..
....
#...........####
.##. #.##.@###.#.#
#....{# #.#...
#.......# #.#.###
#####.#.# #....
#.#.# ### # #.#.#
. #.. # ###


There were no monsters in sight!

Vanquished Creatures
  A jelly (D:4)
  An orc wizard (D:3)
  A gnoll (D:1)
  3 adders
  A worm (D:2)
  3 dart slugs
  6 orcs
  10 ball pythons
  8 bats
  8 endoplasms
  2 giant cockroaches
  4 goblins
  5 hobgoblins
  3 jackals (D:1)
  10 kobolds
  4 quokkas
  8 frilled lizards
78 creatures vanquished.

Vanquished Creatures (others)
  An orc (D:3)
1 creature vanquished.

Grand Total: 79 creatures vanquished

Notes
Turn   | Place    | Note
-------+----------+-------------------------------------------
     0 | D:1      | qw the Gargoyle Fighter began the quest for the Orb.
     0 | D:1      | Reached XP level 1. HP: 14/14 MP: 1/1
     0 | D:1      | 0 ||| qw: Version: 0.2-a-12-gaebbb33
     0 | D:1      | 0 ||| qw: Game counter: 1416
     0 | D:1      | 0 ||| qw: Always use a shield: true
     0 | D:1      | 0 ||| qw: God list: Okawaru
     0 | D:1      | 0 ||| qw: Allow faded altars: false
     0 | D:1      | 0 ||| qw: Do Orc after D:15 true
     0 | D:1      | 0 ||| qw: Do second Lair branch before Depths: true
     0 | D:1      | 0 ||| qw: Lair rune preference: random
     0 | D:1      | 0 ||| qw: Plans: Normal, Zot:1-4, God:TSO, Crypt, Tomb,
                  | Pan, Slime:5, Hells, Abyss, Orb
     0 | D:1      | 0 ||| PLANNING D:1-11
    36 | D:1      | 36 ||| Stepping ~*~*~tactically~*~*~ (stealth).
    38 | D:1      | 38 ||| Stepping ~*~*~tactically~*~*~ (stealth).
    42 | D:1      | Reached skill level 2 in Axes
    58 | D:1      | 58 ||| Stepping ~*~*~tactically~*~*~ (stealth).
    62 | D:1      | 62 ||| Stepping ~*~*~tactically~*~*~ (stealth).
    63 | D:1      | 63 ||| Stepping ~*~*~tactically~*~*~ (stealth).
    78 | D:1      | Reached XP level 2. HP: 5/19 MP: 2/2
   403 | D:1      | Reached skill level 3 in Axes
   412 | D:1      | Reached XP level 3. HP: 20/23 MP: 3/3
   595 | D:1      | 595 ||| DROPPING +0 club.
   896 | D:1      | 896 ||| Stepping ~*~*~tactically~*~*~ (stealth).
  1328 | D:1      | 1328 ||| UPGRADING to +0 pair of gloves.
  1333 | D:1      | 1333 ||| READING scroll labelled DUSE KOBUXONT.
  1334 | D:1      | 1334 ||| READING scroll labelled CALITU ATIXEJE.
  1335 | D:1      | 1335 ||| READING scroll labelled HUAGADWO WODGH.
  1336 | D:1      | 1336 ||| READING scroll labelled DALAEGAILA.
  1337 | D:1      | 1337 ||| DRINKING 2 orange potions.
  1465 | D:2      | 1465 ||| Stepping ~*~*~tactically~*~*~ (stealth).
  1466 | D:2      | 1466 ||| Stepping ~*~*~tactically~*~*~ (stealth).
  1467 | D:2      | 1467 ||| Stepping ~*~*~tactically~*~*~ (stealth).
  1491 | D:2      | Found a faded altar of an unknown god.
  1495 | D:2      | 1495 ||| Stepping ~*~*~tactically~*~*~ (hiding).
  1511 | D:2      | Reached XP level 4. HP: 23/28 MP: 4/4
  1596 | D:2      | Reached skill level 4 in Axes
  2118 | D:2      | 2118 ||| UPGRADING to +0 cloak.
  2123 | D:2      | 2123 ||| UPGRADING to amulet of the acrobat.
  2128 | D:2      | 2128 ||| DROPPING +6 ring of intelligence.
  2129 | D:2      | 2129 ||| READING scroll labelled NISTUC AKILY.
  2130 | D:2      | 2130 ||| READING scroll labelled QUOMIRCH YNWOFU.
  2131 | D:2      | 2131 ||| READING scroll labelled QENODU ATTICIS.
  2134 | D:2      | 2134 ||| READING scroll labelled UCASHRAZXEIRI.
  2135 | D:2      | 2135 ||| READING scroll labelled AGOTUY VYMU.
  2136 | D:2      | 2136 ||| DRINKING 2 sedimented grey potions.
  2137 | D:2      | 2137 ||| DROPPING potion of invisibility.
  2160 | D:3      | 2160 ||| STAIRDANCE
  2171 | D:3      | 2171 ||| Stepping ~*~*~tactically~*~*~ (stealth).
  2174 | D:3      | 2174 ||| Stepping ~*~*~tactically~*~*~ (stealth).
  2240 | D:3      | Reached XP level 5. HP: 14/32 MP: 5/5
  2243 | D:3      | 2243 ||| Stepping ~*~*~tactically~*~*~ (stealth).
  2245 | D:3      | 2245 ||| Stepping ~*~*~tactically~*~*~ (stealth).
  2248 | D:3      | 2248 ||| FLEEEEING.
  2249 | D:3      | 2249 ||| FLEEEEING.
  2250 | D:3      | 2250 ||| FLEEEEING.
  2264 | D:3      | 2264 ||| Stepping ~*~*~tactically~*~*~ (stealth).
  2268 | D:3      | 2268 ||| Stepping ~*~*~tactically~*~*~ (stealth).
  2376 | D:3      | 2376 ||| Stepping ~*~*~tactically~*~*~ (stealth).
  2377 | D:3      | 2377 ||| Stepping ~*~*~tactically~*~*~ (stealth).
  2378 | D:3      | 2378 ||| Stepping ~*~*~tactically~*~*~ (stealth).
  2387 | D:3      | 2387 ||| Stepping ~*~*~tactically~*~*~ (stealth).
  2390 | D:3      | 2390 ||| Stepping ~*~*~tactically~*~*~ (stealth).
  2397 | D:3      | 2397 ||| Stepping ~*~*~tactically~*~*~ (stealth).
  2406 | D:3      | 2406 ||| Stepping ~*~*~tactically~*~*~ (stealth).
  2935 | D:3      | Found a snail-covered altar of Cheibriados.
  2980 | D:3      | Found a sacrificial altar of Ru.
  3028 | D:3      | Reached skill level 5 in Axes
  3031 | D:3      | 3031 ||| UPGRADING to ring of protection from fire.
  3032 | D:3      | 3032 ||| UPGRADING to +4 ring of protection.
  3033 | D:3      | 3033 ||| DRINKING 2 fizzy grey potions.
  3359 | D:4      | Noticed Sigmund
  3377 | D:4      | HP: 8/33 [something (9)]
  3378 | D:4      | HP: 3/33 [something (5)]
  3379 | D:4      | Slain by Sigmund

Levels and vault maps discovered:
D:1:      roderic_chinese_lattice_arrival, layout_basic, chequers_arboretum
D:2:      layout_rooms, shapermc_ecumenical_altar_venn
D:3:      layout_basic, mainiacjoe_overflow_two_lobes, minmay_misc_feat_room,
          grunt_ministairs_13, nrook_uturn
D:4:      layout_basic, minmay_shop_damaged, hex_intersection, uniq_pikel,
          uniq_sigmund

Skill      XL: |  1  2  3  4  5 |
---------------+----------------+-----
Axes           | 2 3 4 5 |  5.0
Fighting       | |  3.8
Armour         | |  3.2
Shields        | |  3.2

Action                   |  1- 3 |  4- 6 || total
-------------------------+-------+-------++-------
Melee: War axe           |   117 |   137 ||   254
Throw: Boomerang         |    10 |    37 ||    47
  Use: Scroll            |     4 |     5 ||     9
       Potion            |     1 |     2 ||     3
 Stab: Distracted        |       |     1 ||     1
Armor: Scale mail        |    57 |    57 ||   114
Dodge: Dodged            |    51 |    45 ||    96
Block: Buckler           |    10 |    23 ||    33

Table legend:
 A = Non-vault XP
 B = Vault XP
 C = Vault XP percentage of total XP
 D = Non-vault monster count
 E = Vault monster count
 F = Vault count percentage of total count
                 A         B        C        D         E       F
            +---------+---------+-------+---------+---------+-------
      Total |     271 |       5 |   1.8 |      76 |       2 |   2.6
            +---------+---------+-------+---------+---------+-------
        D:1 |      65 |       0 |   0.0 |      29 |       0 |   0.0
        D:2 |      55 |       0 |   0.0 |      23 |       0 |   0.0
        D:3 |     102 |       5 |   4.7 |      20 |       2 |   9.1
        D:4 |      49 |       0 |   0.0 |       4 |       0 |   0.0
            +---------+---------+-------+---------+---------+-------
